 Dungeon Crawl Stone Soup version 0.29.0-4-gdea44cf6ec (webtiles) character file.

Game seed: 3953540717114302389

183 qw the Chopper (level 5, -4/30 HPs)
             Began as a Tengu Warper on Aug 28, 2022.
             Slain by an ogre
             ... wielding a +0 giant club
              (21 damage)
             ... on level 5 of the Dungeon.
             The game lasted 00:00:16 (2966 turns).

qw the Chopper (Tengu Warper)                       Turns: 2966, Time: 00:00:17

Health: -4/30      AC:  8    Str: 11    XL:     5   Next: 62%
Magic:  9/9        EV:  6    Int: 13    God:
Gold:   154        SH:  0    Dex: 14    Spells: 8/8 levels left

rFire   . . .      SeeInvis .   Y - +0 hand axe (venom)
rCold   . . .      Faith    .   (no shield)
rNeg    . . .      Spirit   .   f - +0 chain mail
rPois   .          Reflect  .   (helmet restricted)
rElec   .          Harm     .   (no cloak)
rCorr   .          Rampage  .   (no gloves)
Will    .....                   (boots unavailable)
Stlth   ..........              (no amulet)
HPRegen 0.10/turn               (no ring)
MPRegen 0.11/turn               (no ring)

@: flying quickly and evasively, quick
A: beak, talons 3, nimble flight, weak 1, MP-powered wands
a: no special abilities


You were on level 5 of the Dungeon.
You visited 1 branch of the dungeon, and saw 4 of its levels.

You collected 154 gold pieces.


Innate Abilities, Weirdness & Mutations

You have a beak for a mouth.
You have claws for feet.
Your magical nature lets you fly swiftly and evasively.
You are weak. (Str -2)
You expend magic power (3 MP) to strengthen your wands.


   Skills:
 - Level 2.0 Fighting
 - Level 6.2 Axes
 - Level 1.0 Throwing
 + Level 1.2 Armour
 - Level 2.1 Dodging
 - Level 2.0 Spellcasting
 - Level 2.4 Translocations


You had 8 spell levels left.
You didn't know any spells.
Your spell library contained the following spells:

 Spells                   Type           Power      Damage    Failure   Level
 Blink                    Tloc           14%        N/A       100%        2
 Gell's Gravitas          Tloc           7%         N/A       100%        3
 Lesser Beckoning         Tloc           7%         N/A       100%        3
 Teleport Other           Tloc           7%         N/A       100%        3
 Manifold Assault         Tloc           7%         N/A       100%        5

Inventory:

Hand Weapons
 c - a +0 flail
 Y - a +0 hand axe of venom (weapon)
Armour
 f - a +0 chain mail (worn)
Scrolls
 j - 2 scrolls of teleportation
 l - a scroll of identify
Potions
 a - a potion of berserk rage {unknown}
 b - a potion of attraction {unknown}
 e - 2 potions of cancellation
 g - a potion of mutation
 h - a potion of curing {unknown}
 i - a potion of magic {unknown}
 k - a potion of invisibility {unknown}

Dungeon Overview and Level Annotations

Branches:
Dungeon (3/15)

Altars:


Message History

Things that are here:
a +0 club; an orc corpse
2959 ||| Stepping ~*~*~tactically~*~*~ (hiding).
Things that are here:
a +0 hand axe; a +0 leather armour; an orc corpse You start waiting.
An orc wizard is nearby!
An ogre comes into view. It is wielding a +0 giant club.
The orc wizard casts a spell at you. The magic dart hits you!
The ogre moves out of view.
Things that are here:
a +0 club; an orc corpse The ufetubus barely misses you.
The ufetubus hits you but does no damage.
The orc wizard hits you but does no damage.
You barely miss the orc wizard. You closely miss the ufetubus.
The ufetubus hits you but does no damage. x2
The orc wizard closely misses you.
You hit the orc wizard but do no damage.
Your kick misses the orc wizard. You miss the ufetubus.
The ufetubus hits you. x2
The ufetubus hits you but does no damage.
The ufetubus closely misses you. The orc wizard barely misses you.
You hit the orc wizard.
The orc wizard is poisoned.
Your kick misses the orc wizard.
The orc wizard is moderately wounded.
You hit the ufetubus.
The ufetubus is poisoned.
The ufetubus hits you but does no damage.
The ufetubus barely misses you.
The orc wizard hits you with a +0 dagger.
You closely miss the ufetubus. Your kick misses the ufetubus.
Your peck misses the ufetubus.
The ufetubus is heavily wounded.
You hit the orc wizard. You barely miss the ogre.
The ufetubus hits you but does no damage.
The ufetubus barely misses you.
The ufetubus hits you but does no damage. x2
The ogre hits you with a +0 giant club!!
Ouch! That really hurt!
You die...

#~. #..~# #~.. #..~#
#~..7#####7..~#
#~...........~# #
#~...........~# .##
#~~~~~~.~~~~~~# ....
#######'#######....#
#...)#.5....#
####.)@o....#
###.O....# #......#
########


You could see an ogre, an orc wizard (very poisoned) and an ufetubus (very
poisoned).

Vanquished Creatures
  A phantom (D:5)
  Terence (D:2)
  2 adders
  2 orcs (D:5)
  8 bats
  3 endoplasms (D:2)
  2 giant cockroaches (D:1)
  7 goblins
  5 hobgoblins
  2 quokkas (D:1)
  5 ball pythons
  A frilled lizard (D:1)
  5 kobolds
  23 rats
67 creatures vanquished.

Notes
Turn   | Place    | Note
-------+----------+-------------------------------------------
     0 | D:1      | qw the Tengu Warper began the quest for the Orb.
     0 | D:1      | Reached XP level 1. HP: 12/12 MP: 4/4
     0 | D:1      | 0 ||| qw: Version: 0.1-a-89-g26bdef1
     0 | D:1      | 0 ||| qw: Game counter: 2902
     0 | D:1      | 0 ||| qw: Always use a shield: true
     0 | D:1      | 0 ||| qw: God list: Okawaru
     0 | D:1      | 0 ||| qw: Allow faded altars: false
     0 | D:1      | 0 ||| qw: Do Orc after D:15 true
     0 | D:1      | 0 ||| qw: Do second Lair branch before Depths: true
     0 | D:1      | 0 ||| qw: Lair rune preference: random
     0 | D:1      | 0 ||| qw: Plans: Normal
     0 | D:1      | 0 ||| PLANNING D:1-11
    51 | D:1      | Reached skill level 3 in Axes
    51 | D:1      | Reached XP level 2. HP: 17/17 MP: 6/6
   252 | D:1      | Found a faded altar of an unknown god.
   628 | D:1      | Reached XP level 3. HP: 21/21 MP: 7/7
   841 | D:1      | 841 ||| DROPPING +0 club.
   959 | D:1      | 959 ||| UPGRADING to +0 ring mail.
   969 | D:1      | 969 ||| DROPPING +0 leather armour.
   970 | D:1      | 970 ||| READING 2 scrolls labelled CEDOR ENEPP.
   973 | D:1      | 973 ||| READING scroll labelled DEGEKL XUDI.
   974 | D:1      | 974 ||| READING scroll labelled IHOPYACRUALA.
   975 | D:1      | 975 ||| READING scroll labelled MOUBLEXINY.
   976 | D:1      | 976 ||| DROPPING scroll of blinking.
  1015 | D:2      | Reached skill level 4 in Axes
  1111 | D:2      | Noticed Terence
  1112 | D:2      | 1112 ||| FLEEEEING.
  1113 | D:2      | 1113 ||| FLEEEEING.
  1114 | D:2      | 1114 ||| FLEEEEING.
  1115 | D:2      | 1115 ||| FLEEEEING.
  1120 | D:2      | 1120 ||| FLEEEEING.
  1125 | D:2      | 1125 ||| STAIRDANCE
  1250 | D:1      | 1250 ||| READING scroll labelled OJATHRE FAMOW.
  1251 | D:1      | 1251 ||| DRINKING 2 yellow potions.
  1257 | D:2      | 1257 ||| Stepping ~*~*~tactically~*~*~ (hiding).
  1270 | D:2      | HP: 1/21 [Terence/+0 flail (7)]
  1271 | D:2      | 1271 ||| READING scroll of teleportation.
  1271 | D:2      | Killed Terence
  1272 | D:2      | Reached XP level 4. HP: 2/26 MP: 8/8
  1787 | D:2      | 1787 ||| DROPPING +0 whip.
  2309 | D:2      | 2309 ||| UPGRADING to +0 chain mail.
  2319 | D:2      | 2319 ||| DROPPING +0 ring mail.
  2320 | D:2      | 2320 ||| READING scroll labelled XOOLAE PIXUE.
  2321 | D:2      | 2321 ||| DRINKING 2 orange potions.
  2322 | D:2      | 2322 ||| DRINKING 2 puce potions.
  2322 | D:2      | Gained mutation: You expend magic power (3 MP) to
                  | strengthen your wands. [potion of mutation]
  2322 | D:2      | Gained mutation: You are weak. (Str -2) [potion of
                  | mutation]
  2323 | D:2      | 2323 ||| DROPPING potion of flight.
  2399 | D:3      | Reached skill level 5 in Axes
  2507 | D:3      | 2507 ||| Stepping ~*~*~tactically~*~*~ (stealth).
  2512 | D:3      | 2512 ||| Stepping ~*~*~tactically~*~*~ (stealth).
  2515 | D:3      | 2515 ||| Stepping ~*~*~tactically~*~*~ (stealth).
  2518 | D:3      | 2518 ||| Stepping ~*~*~tactically~*~*~ (stealth).
  2523 | D:3      | 2523 ||| Stepping ~*~*~tactically~*~*~ (stealth).
  2528 | D:3      | 2528 ||| Stepping ~*~*~tactically~*~*~ (stealth).
  2529 | D:3      | 2529 ||| Stepping ~*~*~tactically~*~*~ (stealth).
  2530 | D:3      | 2530 ||| Stepping ~*~*~tactically~*~*~ (stealth).
  2533 | D:3      | 2533 ||| Stepping ~*~*~tactically~*~*~ (stealth).
  2821 | D:3      | You fall into a shaft and drop 2 floors!
  2821 | D:5      | Entered Level 5 of the Dungeon
  2838 | D:5      | Noticed a phantom
  2854 | D:5      | Killed a phantom
  2855 | D:5      | Reached skill level 6 in Axes
  2855 | D:5      | Gained mutation: Your magical nature lets you fly swiftly
                  | and evasively. [Tengu growth]
  2855 | D:5      | Reached XP level 5. HP: 28/30 MP: 9/9
  2959 | D:5      | 2959 ||| Stepping ~*~*~tactically~*~*~ (hiding).
  2961 | D:5      | Noticed an ogre
  2966 | D:5      | Slain by an ogre

Levels and vault maps discovered:
D:1:      wander_arrival_lonely_grave, layout_basic,
          shapermc_ecumenical_altar_notcrosses
D:2:      layout_loops_cross, dk_noncrumbling_2, uniq_terence
D:3:      layout_loops_ring, kennysheep_flooded_box, minmay_crystal_water,
          minmay_rat_hole
D:5:      layout_rooms, kennysheep_path_1

Skill      XL: |  1  2  3  4 |
---------------+-------------+-----
Axes           | 3 4 6 |  6.2
Fighting       | |  2.0
Throwing       | |  1.0
Armour         | |  1.2
Dodging        | |  2.1
Spellcasting   | |  2.0
Translocations | |  2.4

Action                   |  1- 3 |  4- 6 || total
-------------------------+-------+-------++-------
Melee: Hand axe          |    70 |    73 ||   143
       Kick              |    16 |    20 ||    36
       Peck              |     9 |    13 ||    22
Throw: Boomerang         |     7 |       ||     7
  Use: Scroll            |     6 |     1 ||     7
       Potion            |     1 |     2 ||     3
Armor: Leather armour    |    19 |       ||    19
       Ring mail         |     3 |     5 ||     8
       Chain mail        |       |    26 ||    26
Dodge: Dodged            |    41 |    24 ||    65

Table legend:
 A = Non-vault XP
 B = Vault XP
 C = Vault XP percentage of total XP
 D = Non-vault monster count
 E = Vault monster count
 F = Vault count percentage of total count
                 A         B        C        D         E       F
            +---------+---------+-------+---------+---------+-------
      Total |     209 |      53 |  20.2 |      49 |      18 |  26.9
            +---------+---------+-------+---------+---------+-------
        D:1 |      44 |       0 |   0.0 |      28 |       0 |   0.0
        D:2 |      33 |      36 |  52.2 |      13 |       1 |   7.1
        D:3 |      21 |      17 |  44.7 |       5 |      17 |  77.3
        D:5 |     111 |       0 |   0.0 |       3 |       0 |   0.0
            +---------+---------+-------+---------+---------+-------
